 Dungeon Crawl Stone Soup version 0.26.0-16-gc1dbca0489 (webtiles) character file.

Game seed: 14087065043040459773

49 trckry the Stinger (level 3, -1/24 HPs)
             Began as a Barachi Venom Mage on Jan 20, 2021.
             Slain by a hound (6 damage)
             ... on level 4 of the Dungeon.
             The game lasted 00:04:18 (1226 turns).

trckry the Stinger (Barachi Venom Mage)             Turns: 1226, Time: 00:04:18

Health: -1/24      AC:  3    Str:  9    XL:     3   Next: 77%
Magic:  0/6        EV: 12    Int: 16    God:
Gold:   68         SH:  0    Dex:  8    Spells: 3/6 levels left

rFire    . . .     SeeInvis .   (no weapon)
rCold    . . .     Faith    .   (no shield)
rNeg     . . .     Spirit   .   a - +0 robe
rPois    .         Reflect  .   (no helmet)
rElec    .         Harm     .   j - +0 cloak
rCorr    .         Rampage  .   (no gloves)
Will     .....     Rnd*Tele +   (no boots)
Stlth    +.........             (no amulet)
HPRegen  0.08/turn              b - -4 ring of dexterity (curse)
MPRegen  0.10/turn              d - ring of teleportation (curse)

@: can't hop, slow
A: +LOS, swims, slowness 1, strong legs 1
a: Hop


You were on level 4 of the Dungeon.
You visited 1 branch of the dungeon, and saw 3 of its levels.

You collected 68 gold pieces.

Inventory:

Armour
 a - a +0 robe (worn)
 j - a +0 cloak (worn)
Jewellery
 b - a cursed -4 ring of dexterity (left hand)
 d - a cursed ring of teleportation (right hand)
Wands
 l - a wand of acid (7)
Scrolls
 c - a scroll of amnesia {unknown}
 f - 2 scrolls of teleportation {unknown}
 g - 4 scrolls of identify {unknown}
 i - a scroll of enchant armour {unknown}
Potions
 e - 2 potions of flight {unknown}
 h - a potion of curing {unknown}
 k - a potion of resistance {unknown}
 m - a potion of haste {unknown}
 n - a potion of degeneration {unknown}


   Skills:
 - Level 2.1 Dodging
 - Level 1.7 Stealth
 + Level 2.3 Spellcasting
 + Level 2.1 Transmutations
 + Level 0.5 Air Magic
 * Level 4.4 Poison Magic


You had 3 spell levels left.
You knew the following spells:

 Your Spells              Type           Power        Failure   Level
a - Sting                 Tmut/Pois      48%          5%          1
b - Poisonous Vapours     Pois/Air       18%          11%         2

Your spell library contained the following spells:

 Spells                   Type           Power        Failure   Level
 Ignite Poison            Fire/Tmut/Pois 8%           24%         3
 Mephitic Cloud           Conj/Pois/Air  7%           30%         3
 Olgreb's Toxic Radiance  Pois           16%          32%         4


Dungeon Overview and Level Annotations

Branches:
Dungeon (2/15)

Altars:

Shops:
D:4 *


Innate Abilities, Weirdness & Mutations

You can be seen from farther away. (+LOS)
You can swim through water.
You cover ground slowly.
You can hop short distances.


Message History

The sting misses the hound.
The sting misses the orc.
The hound bites you. The hound bites you. The hound bites you.
The hound looks more healthy.
The hound closely misses you.
Hop to where?
Press: ? - help, Dir - move target, p - hound Boing!
The hound bites you.
* * * LOW HITPOINT WARNING * * *
The hound closely misses you.
Casting: Sting (safe; 5% risk of failure)
Confirm with . or Enter, or press ? or * to list all spells.
Aiming: Sting (safe; 5% risk of failure)
Press: ? - help, Shift-Dir - straight line, f - hound
Aim: a hound (severely wounded, 40% to evade)
The sting misses the hound.
The hound completely misses you. The hound bites you.
* * * LOW HITPOINT WARNING * * *
The hound bites you.
You die...

...#.........### #.....
.###...........## #...# .
#.............###..#
#.#........##.....#
#+####.....####...#
#......##....#
#...#..#.....###
#...#......##..###
#...##...@###....#
#....#..h###.....##
##+####......o###.......#
##....#.........##.....###
#....................###
.........####.......##
##....## #.......###
#..##..## ##........#
#..####..####...###.##


You could see a hound and an orc.

Vanquished Creatures
  A worker ant (D:4)
  2 dart slugs (D:1)
  3 bats (D:1)
  2 giant cockroaches
  6 hobgoblins
  A ball python (D:2)
  A frilled lizard (D:1)
  2 kobolds (D:1)
  3 rats (D:1)
21 creatures vanquished.

Vanquished Creatures (others)
  4 toadstools (D:1)
4 creatures vanquished.

Grand Total: 25 creatures vanquished

Notes
Turn   | Place    | Note
-------+----------+-------------------------------------------
     0 | D:1      | trckry the Barachi Venom Mage began the quest for the Orb.
     0 | D:1      | Reached XP level 1. HP: 13/13 MP: 3/3
   113 | D:1      | Reached XP level 2. HP: 19/19 MP: 1/5
   397 | D:1      | Reached skill level 4 in Poison Magic
   813 | D:2      | Reached XP level 3. HP: 24/24 MP: 4/6
   944 | D:2      | Learned a level 2 spell: Poisonous Vapours
  1066 | D:2      | You fall into a shaft and drop 2 floors!
  1199 | D:4      | Found Koolotug's Assorted Antiques.
  1226 | D:4      | Slain by a hound

Illustrated notes

Levels and vault maps discovered:
D:1:      ldierk_walled_garden_2, layout_rooms, nrook_mini_vaults,
          grunt_decor_cap, kennysheep_decorative_pillar
D:2:      layout_loops_ring, nicolae_overflow_hidden_temple, serial_glass,
          glass_columns_b, glass_columns_a
D:4:      minmay_bubble_buster, layout_layer_cave, temple_green, serial_shops,
          nicolae_shop_statue_plus, nicolae_qazlal_eye_of_the_storm, uniq_robin

Skill      XL: |  1  2  3 |
---------------+----------+-----
Poison Magic   | 4 |  4.4
Transmutations | 2 |  2.1
Dodging        | |  2.1
Stealth        | |  1.7
Spellcasting   | |  2.3
Air Magic      | |  0.5

Action                   || total
-------------------------++-------
Melee: Unarmed           ||     7
 Cast: Sting             ||    33
       Poisonous Vapours ||     3
 Abil: Hop               ||     1
Armor: Robe              ||     8
Dodge: Dodged            ||    25
